Map: King's Cove LE

Players

daintySPLASH

  • Race: Terran Terran
  • Spawn Location: 5:00

A.I. 1 (Very Easy) - Winner!

  • Race: Protoss Protoss
  • Spawn Location: 11:00

VOD

Have the link to the VOD?

Description

Time

  • Played on: June 9, 2019, 9:03 p.m.
  • Length: 6:21
Show
View Real Time Build Order
Export as new Build Order

daintySPLASH Terran 

Build Orders: Gas First Reaper Expand, Banshee Rush 

Get SALT Encoding   

  12  0:00  SCV  
  13  0:12  SCV  
  14  0:18  Supply Depot  
  14  0:24  SCV  
  15  0:30  Refinery  
  15  0:40  SCV  
  16  0:46  Barracks  
  16  0:52  SCV  
  17  1:04  SCV  
  18  1:16  SCV  
  19  1:32  Orbital Command  
  19  1:33  Reaper  
  20  1:47  Command Center  
  20  1:58  Factory  
  20  2:01  SCV  
  21  2:09  Supply Depot  
  21  2:11  Barracks Reactor  
  21  2:15  SCV  
  22  2:25  Refinery  
  22  2:27  SCV  
  23  2:39  SCV  
  23  2:41  Bunker  
  24  2:45  Starport  
  24  2:50  Marine x2  
  26  2:51  SCV  
  26  2:53  Factory Tech Lab  
  27  3:02  Orbital Command  
  27  3:06  SCV  
  27  3:08  Marine  
  27  3:10  Marine  
  30  3:18  SCV  
  31  3:27  Banshee  
  31  3:29  Cloaking Field  
  31  3:31  SCV x2  
  36  3:37  Marine  
  36  3:38  Marine  
  36  3:41  Factory Tech Lab  
  38  3:46  Barracks  
  39  3:48  SCV  
  39  3:50  SCV  
  40  4:00  Supply Depot  
  40  4:03  Marine x2  
  42  4:18  Barracks, Factory Tech Lab  
  42  4:19  Banshee  
  42  4:23  Supply Depot  
  42  4:24  Supply Depot  
  45  4:25  SCV x2  
  45  4:30  Refinery  
  47  4:38  Engineering Bay  
  47  4:40  SCV x2  
  47  4:41  Marine x2  
  53  4:45  Marauder  
  53  4:57  Factory Tech Lab  
  53  5:05  SCV  
  53  5:06  SCV, Barracks x2  
  55  5:23  SCV  
  55  5:24  Starport Reactor  
  55  5:25  SCV  
  57  5:36  Marauder x2  
  57  5:39  SCV x2  
  63  5:52  SCV x2  
  63  5:53  Command Center  
  65  5:57  Barracks Reactor  
  70  6:13  Refinery  
  70  6:14  Supply Depot  
  70  6:15  Supply Depot  
Show
View Real Time Build Order
Export as new Build Order

A.I. 1 (Very Easy) Protoss - Winner!

Build Orders:  

Get SALT Encoding   

  12  0:00  Probe  
  13  0:13  Probe  
  14  0:21  Pylon  
  14  0:37  Assimilator  
  14  0:42  Gateway  
  14  0:47  Pylon  
  14  1:18  Assimilator  
  14  1:23  Zealot  
  14  1:24  Probe  
  14  1:32  Probe  
  17  1:33  Cybernetics Core  
  18  1:42  Probe  
  19  1:54  Probe  
  19  1:59  Warp Gate  
  20  2:03  Probe  
  21  2:11  Probe  
  22  2:39  Stalker  
Tags
 
Add a new tag
Caveats
  • Supply blocks, unpowered buildings, or Contaminate may cause inaccurate times.
  • Supply counts are checked every 10 seconds.